 Dungeon Crawl Stone Soup version 0.23.0-2-g0fe3ce5 (webtiles) character file.

Game seed: 17919349494075200129

28821 xccam the Carver (level 13, -36/111 HPs)
             Began as a Purple Draconian Transmuter on Feb 19, 2019.
             Was a High Priest of Trog.
             Annihilated by an enormous slime creature (53 damage)
             ... on level 12 of the Dungeon.
             The game lasted 00:42:36 (15924 turns).

xccam the Carver (Purple Draconian Transmuter)     Turns: 15924, Time: 00:42:37

Health: -36/111    AC: 13    Str: 19    XL:     13   Next: 11%
Magic:  0/16       EV: 23    Int: 14    God:    Trog [*****.]
Gold:   719        SH:  0    Dex: 17    Spells: 13/16 levels left

rFire    x . .     SeeInvis .   J - +3 scimitar (flame)
rCold    + + .     Gourm    .   (no shield)
rNeg     . . .     Faith    .   (armour unavailable)
rPois    .         Spirit   +   (helmet restricted)
rElec    .         Reflect  .   d - +0 cloak
rCorr    .         Harm     .   (no gloves)
MR       +....                  R - +3 pair of boots "Vaofaan" {Str+2}
Stlth    ++++......             L - amulet of guardian spirit
HPRegen  0.28/turn              i - ring of ice
MPRegen  0.15/turn              f - ring of protection from cold

@: agile, berserk cooldown, hasted and slowed
A: breathe power, unfitting armour, cold-blooded, AC +8
a: Breathe Dispelling Energy, Berserk, Trog's Hand, Brothers in Arms, Renounce
Religion


You were on level 12 of the Dungeon.
You worshipped Trog.
Trog was extremely pleased with you.
You were very hungry.

You visited 1 branch of the dungeon, and saw 12 of its levels.
You also visited: Ossuary and Ice Cave.

You collected 719 gold pieces.

Inventory:

Hand Weapons
 w - a +0 flail of holy wrath
 x - a +1 antimagic hand axe
 F - a +3 long sword of freezing
 J - a +3 scimitar of flaming (weapon)
 Z - a +1 executioner's axe of freezing
Missiles
 a - 306 arrows
Armour
 d - a +0 cloak (worn)
 h - a +0 buckler
 R - the +3 pair of boots "Vaofaan" (worn) {Str+2}
   (You found it on level 10 of the Dungeon)

   It affects your strength (+2).
 U - a +1 shield of reflection
Jewellery
 e - an uncursed ring of magical power
 f - a ring of protection from cold (right hand)
 i - a ring of ice (left hand)
 q - an uncursed ring of protection from magic
 y - an uncursed ring of see invisible
 G - an uncursed ring of protection from magic
 L - an amulet of guardian spirit (around neck)
 V - an uncursed ring of fire
 W - the amulet "Neowedemo" {Inacc rF- Str+10 Int+4}
   (You found it on level 11 of the Dungeon)

   [amulet of inaccuracy]

   It reduces the accuracy of all your attacks.
   It affects your strength (+10).
   It affects your intelligence (+4).
   It makes you vulnerable to fire.
Wands
 l - a wand of flame (27)
 v - a wand of enslavement (4)
 z - a wand of disintegration (48)
 B - a wand of polymorph (10)
 C - a wand of iceblast (18)
 I - a wand of random effects (35)
 M - a wand of paralysis (5)
 S - a wand of digging (4)
Scrolls
 b - 6 scrolls of teleportation
 k - 6 scrolls of remove curse
 p - 3 scrolls of immolation
 A - a scroll of fog
 N - 2 scrolls of enchant weapon
 T - a scroll of brand weapon {unknown}
 Y - a scroll of acquirement {unknown}
Potions
 g - a potion of agility
 j - a potion of mutation
 m - 6 potions of haste
 n - 8 potions of brilliance
 o - 2 potions of might
 r - 3 potions of heal wounds
 s - 2 potions of berserk rage
 u - 5 potions of curing
 D - 3 potions of invisibility
 E - a potion of magic
 H - a potion of degeneration {unknown}
 K - 3 potions of lignification
 O - 2 potions of resistance
 Q - a potion of flight {unknown}
 X - 2 potions of ambrosia {unknown}
Comestibles
 c - 24 rations
 t - 5 chunks of flesh


   Skills:
 + Level 9.3 Fighting
 + Level 14.5 Long Blades
 + Level 8.0 Dodging
 - Level 5.6 Stealth
 + Level 6.7 Shields
 - Level 6.8 Unarmed Combat
 - Level 2.4 Spellcasting
 - Level 4.8 Transmutations


You had 13 spell levels left.
You knew the following spells:

 Your Spells              Type           Power        Failure   Level  Hunger
a - Beastly Appendage     Tmut           ###...       3%          1    #......
b - Sticks to Snakes      Tmut           ###.....     4%          2    ###....

Your spell library contained the following spells:

 Spells                   Type           Power        Failure   Level  Hunger
 Spider Form              Tmut/Pois      #.........   26%         3    ###....
 Ice Form                 Ice/Tmut       ##......     63%         4    #####..
 Blade Hands              Tmut           ###.......   65%         5    ######.


Dungeon Overview and Level Annotations

Branches:
Dungeon (12/15)            Temple (0/1) D:4            Lair (0/6) D:9
    Orc (0/2) D:11

Altars:
Ashenzari
Fedhas
Nemelex Xobeh
Qazlal
Sif Muna
Trog
Vehumet
Beogh

Annotations:
D:5 3 runed translucent doors, EtherCrawl's ghost, novice DrTm; TheNamelessOne's ghost, amateur OgTm; misha's ghost, novice TrFi


Innate Abilities, Weirdness & Mutations

You can breathe bolts of dispelling energy.
Your rich purple scales are hard. (AC +8)
You cannot fit into any form of body armour.
You are cold-blooded and may be slowed by cold attacks.


Message History

Unknown command.
You feel a strong urge to attack something.
You are no longer berserk.
You are exhausted.
You feel yourself slow down.
Two slime creatures merge to form a large slime creature.
Unknown command.
Okay, then.
You feel agile all of a sudden.
Two slime creatures merge to form an enormous slime creature.
The enormous slime creature hits you but does no damage.
The enormous slime creature barely misses you.
You riposte.
You slash the enormous slime creature! You burn the enormous slime creature.
The enormous slime creature is moderately wounded.
There is a stone staircase leading up here.
You feel yourself speed up.
The enormous slime creature completely misses you.
The enormous slime creature hits you!!!
You die...

#..##.#
###########...#.#.###.
##..##.# #.###..#.##.
....##.# #.# #.###...
###.##.# #.# #.<#.### #.##.#
#.# #.#..... #.##.#
######### #.###.######
###.##.###.......#
#.##...#####
.....(.).[.#####.#
#.z......... ##.###.##..#
#@# #..#...##### #.# #.##[[#
#J#####..##....... #.#
#.##..#####...........######
#.# #........<.######.....#
# #.# ####..####># ###.####
# #.# #..# #.#####...# #
#=######..# #.........# #
##.........# ###.##.#.###
...#######.# #....[[..#


You could see an enormous slime creature.

Vanquished Creatures
  2 hydras
  3 centaur warriors
  Erica (D:8)
  6 two-headed ogres
  A tengu warrior (D:11)
  Pikel (D:8)
  An orc knight (D:11)
  A cyclops (D:11)
  4 ugly things
  3 ice statues (IceCv)
  Maurice (D:9)
  A gargoyle (D:10)
  2 komodo dragons (D:12)
  A polar bear (D:12)
  Prince Ribbit (D:8)
  A troll (D:10)
  2 slime creatures (D:12)
  2 dream sheep (D:9)
  5 hippogriffs
  A wyvern (D:9)
  5 yaks (D:9)
  A hungry ghost (D:11)
  A basilisk (D:11)
  3 vampire mosquitoes (D:12)
  An acid dragon (D:12)
  A soldier ant (D:11)
  3 wargs
  Edmund (D:5)
  Menkaure (D:7)
  Duvessa (D:7)
  A water moccasin (D:6)
  8 orc warriors
  A black bear (D:12)
  7 ice beasts
  9 ogres
  3 phantoms
  8 centaurs
  2 crocodiles (D:8)
  6 bullfrogs
  5 big kobolds
  A water moccasin zombie (D:9)
  A wyvern skeleton (D:8)
  Dowan (D:7)
  13 scorpions
  16 killer bees
  10 wights
  8 howler monkeys
  2 crimson imps
  2 bullfrog zombies
  7 centaur zombies
  3 human zombies (Ossuary)
  A quasit (D:7)
  12 orc priests
  A bullfrog skeleton (D:12)
  3 centaur skeletons
  10 hounds
  9 jellies
  10 orc wizards
  7 iguanas
  7 worker ants
  2 big kobold zombies (Ossuary)
  2 hound skeletons
  4 mummies
  3 worker ant zombies
  Robin (D:2)
  12 adders
  5 scorpion zombies (Ossuary)
  5 shadow imps
  An ooze (D:5)
  3 adder skeletons
  3 worms
  4 dart slugs
  5 leopard geckos
  49 orcs
  5 giant cockroaches
  2 gnoll zombies (Ossuary)
  15 hobgoblins
  14 jackals
  8 quokkas
  3 ball pythons
  5 bats
  4 frilled lizards
  16 goblins
  A hobgoblin zombie (Ossuary)
  17 kobolds
  3 kobold zombies (Ossuary)
  3 orc zombies (Ossuary)
  A quokka skeleton (D:5)
  9 rats
437 creatures vanquished.

Vanquished Creatures (collateral kills)
  A tengu warrior (D:11)
  An orc knight (D:11)
  A troll (D:11)
  A hippogriff (D:11)
  Sigmund (D:2)
  An orc warrior (D:11)
  A bullfrog (D:11)
  Jessica (D:2)
  2 goblins (D:2)
10 creatures vanquished.

Vanquished Creatures (others)
  A shadow (D:11)
  A scorpion (Ossuary)
  A bullfrog zombie (D:8)
  A hound (D:8)
  A worker ant (D:4)
  A plant (D:9)
  2 withered plants (D:5)
8 creatures vanquished.

Grand Total: 455 creatures vanquished

Notes
Turn   | Place    | Note
-------+----------+-------------------------------------------
     0 | D:1      | xccam the Draconian Transmuter began the quest for the Orb.
     0 | D:1      | Reached XP level 1. HP: 16/16 MP: 3/3
   337 | D:1      | Reached XP level 2. HP: 23/23 MP: 5/5
   341 | D:1      | Learned a level 2 spell: Sticks to Snakes
   963 | D:2      | Noticed Robin
   993 | D:2      | Reached XP level 3. HP: 24/28 MP: 1/6
  1000 | D:2      | Killed Robin
  1101 | D:2      | Noticed Jessica
  1108 | D:2      | Killed Jessica
  1127 | D:2      | Noticed Sigmund
  1368 | D:2      | Killed Sigmund
  1368 | D:2      | Reached skill level 5 in Unarmed Combat
  1368 | D:2      | Reached XP level 4. HP: 14/35 MP: 1/7
  1368 | D:2      | Reached XP level 5. HP: 16/40 MP: 1/8
  1765 | D:2      | Reached XP level 6. HP: 25/47 MP: 9/9
  3233 | D:3      | Found a faded altar of an unknown god.
  3240 | D:3      | Became a worshipper of Trog the Wrathful
  3240 | D:3      | Reached * piety under Trog
  3365 | D:4      | Reached skill level 1 in Stealth
  3375 | D:4      | Your scales start taking on a rich purple colour.
  3375 | D:4      | Reached XP level 7. HP: 31/55 MP: 10/10
  3484 | D:4      | Found a sand-covered staircase.
  3579 | Ossuary  | Entered an ossuary
  3831 | Ossuary  | Reached ** piety under Trog
  4655 | Ossuary  | Reached XP level 8. HP: 26/63 MP: 11/11
  5116 | D:4      | Found a sparkling altar of Nemelex Xobeh.
  5426 | D:4      | Found a staircase to the Ecumenical Temple.
  5451 | D:4      | You fall through a shaft for 3 floors!
  5451 | D:7      | Noticed Duvessa
  5472 | D:7      | Reached skill level 5 in Fighting
  5696 | D:5      | Entered Level 5 of the Dungeon
  5716 | D:5      | Reached skill level 5 in Dodging
  5716 | D:5      | Reached skill level 5 in Stealth
  5716 | D:5      | Reached XP level 9. HP: 62/74 MP: 12/12
  5936 | D:5      | Noticed Edmund
  5951 | D:5      | Killed Edmund
  5956 | D:5      | Reached *** piety under Trog
  6018 | D:5      | Found a runed translucent gate.
  6018 | D:5      | Found a runed translucent gate.
  6019 | D:5      | Found a runed translucent gate.
  6020 | D:5      | Noticed TheNamelessOne's ghost (amateur OgTm)
  6020 | D:5      | Noticed misha's ghost (novice TrFi)
  6021 | D:5      | Noticed EtherCrawl's ghost (novice DrTm)
  6076 | D:5      | Found a stormy altar of Qazlal.
  6719 | D:6      | Found a deep blue altar of Sif Muna.
  7503 | D:7      | Noticed Menkaure
  7536 | D:6      | Reached skill level 1 in Long Blades
  7821 | D:7      | Noticed Dowan
  7833 | D:7      | Killed Dowan
  7849 | D:7      | Killed Duvessa
  7869 | D:6      | Reached skill level 2 in Long Blades
  7870 | D:6      | Reached **** piety under Trog
  8525 | D:7      | Killed Menkaure
  8525 | D:7      | Reached skill level 3 in Long Blades
  8637 | D:7      | Reached XP level 10. HP: 16/88 MP: 13/13
  8647 | D:7      | HP: 5/132 [scorpion (4)]
  8650 | D:7      | HP: 2/132 [poisoned by a scorpion]
  8655 | D:7      | HP: 3/88 [poisoned by a scorpion]
  9227 | D:8      | Noticed Pikel
  9235 | D:8      | Killed Pikel
  9235 | D:8      | Reached skill level 4 in Long Blades
  9312 | D:8      | Found a shattered altar of Ashenzari.
  9320 | D:8      | Reached skill level 5 in Long Blades
  9607 | D:8      | Noticed a two-headed ogre
  9617 | D:8      | Killed a two-headed ogre
  9617 | D:8      | Reached skill level 6 in Long Blades
  9947 | D:8      | Reached skill level 7 in Long Blades
 10287 | D:8      | Received a gift from Trog
 10324 | D:8      | Noticed Prince Ribbit
 10336 | D:8      | Killed Prince Ribbit
 10336 | D:8      | Reached skill level 8 in Long Blades
 10352 | D:8      | Noticed a two-headed ogre
 10356 | D:8      | Killed a two-headed ogre
 10422 | D:8      | Noticed a two-headed ogre
 10422 | D:8      | Noticed Erica
 10439 | D:8      | Reached skill level 9 in Long Blades
 10446 | D:8      | Killed a two-headed ogre
 10454 | D:8      | Killed Erica
 10454 | D:8      | Reached skill level 10 in Long Blades
 10454 | D:8      | Reached XP level 11. HP: 25/94 MP: 3/14
 10869 | D:9      | Found a staircase to the Lair.
 10918 | D:9      | Reached skill level 1 in Shields
 11082 | D:9      | Found a blossoming altar of Fedhas.
 11084 | D:9      | Found a radiant altar of Vehumet.
 11498 | D:9      | Reached ***** piety under Trog
 11542 | D:9      | Noticed Maurice
 11558 | D:9      | Killed Maurice
 11606 | D:9      | Noticed a three-headed hydra
 11612 | D:9      | Killed a one-headed hydra
 11612 | D:9      | Reached skill level 11 in Long Blades
 11787 | D:10     | Entered Level 10 of the Dungeon
 11820 | D:10     | Reached skill level 5 in Shields
 12074 | D:10     | Got a pair of transparent boots
 12084 | D:10     | Identified the +3 pair of boots "Vaofaan" {Str+2} (You
                  | found it on level 10 of the Dungeon)
 12555 | D:11     | Noticed a purple ugly thing
 12568 | D:11     | Killed a purple ugly thing
 12591 | D:11     | Reached skill level 12 in Long Blades
 12855 | D:11     | Reached XP level 12. HP: 13/101 MP: 2/15
 13284 | D:11     | Found a roughly hewn altar of Beogh.
 13284 | D:11     | Found a staircase to the Orcish Mines.
 13726 | D:11     | Noticed a centaur warrior
 13729 | D:11     | Reached skill level 13 in Long Blades
 13747 | D:11     | Killed a centaur warrior
 13830 | D:11     | Noticed a tengu warrior
 13839 | D:11     | Killed a tengu warrior
 13845 | D:11     | Found a runed translucent door.
 13892 | D:11     | Noticed a tengu warrior
 13892 | D:11     | Noticed a two-headed ogre
 13921 | D:11     | Killed a tengu warrior
 13924 | D:11     | Killed a two-headed ogre
 13924 | D:11     | Reached skill level 14 in Long Blades
 13930 | D:11     | Identified Iqyoviw's Volume of Cold and Dark Rites
 13931 | D:11     | Got a faintly glowing iron amulet
 13933 | D:11     | Identified the amulet "Neowedemo" {Inacc rF- Str+10 Int+4}
                  | (You found it on level 11 of the Dungeon)
 13967 | D:11     | Found a runed translucent door.
 13967 | D:11     | Found a runed translucent door.
 13967 | D:11     | Noticed a centaur warrior
 13982 | D:11     | Killed a centaur warrior
 14324 | D:12     | Noticed a two-headed ogre
 14340 | D:12     | Noticed a centaur warrior
 14348 | D:12     | Found a frozen archway.
 14357 | IceCv    | Entered an ice cave
 14385 | IceCv    | Received a gift from Trog
 14536 | IceCv    | Was placed under penance by Trog
 14640 | D:12     | Noticed a two-headed ogre
 14652 | D:12     | Killed a two-headed ogre
 15265 | D:12     | Noticed a five-headed hydra
 15276 | D:12     | Killed a one-headed hydra
 15317 | D:12     | Killed a centaur warrior
 15317 | D:12     | Reached XP level 13. HP: 16/111 MP: 1/16
 15582 | D:12     | Was forgiven by Trog
 15924 | D:12     | Annihilated by an enormous slime creature

Skill      XL: |  1  2  3  4  5  6  7  8  9 10 11 12 13 |
---------------+----------------------------------------+-----
Unarmed Combat | 5 6 |  6.8
Transmutations | 4 |  4.8
Dodging        | 2 3 5 6 7 8 |  8.0
Stealth        | 1 2 5 |  5.6
Fighting       | 2 3 5 7 8 9 |  9.3
Long Blades    | 3 10 12 14 | 14.5
Shields        | 5 6 |  6.7
Spellcasting   | |  2.4

Action                   |  1- 3 |  4- 6 |  7- 9 | 10-12 | 13-15 || total
-------------------------+-------+-------+-------+-------+-------++-------
Melee: Unarmed           |   105 |   248 |   645 |    14 |       ||  1012
       Tailslap          |     9 |    26 |    99 |   114 |     9 ||   257
       Kick              |     9 |     3 |       |       |       ||    12
       Headbutt          |     1 |     2 |       |     7 |       ||    10
       Punch             |     1 |     2 |    10 |     6 |     4 ||    23
       Long sword        |       |       |     7 |   135 |       ||   142
       Scimitar          |       |       |       |   596 |    60 ||   656
 Cast: Beastly Appendage |     7 |     3 |       |     1 |       ||    11
       Sticks to Snakes  |     7 |       |       |       |       ||     7
Invok: Berserk           |       |     1 |     8 |     9 |     1 ||    19
       Trog's Hand       |       |       |       |    15 |       ||    15
       Brothers in Arms  |       |       |       |     1 |       ||     1
 Abil: Breathe Dispellin |       |       |     7 |     6 |       ||    13
Evoke: Wand              |       |       |     3 |     1 |       ||     4
  Use: Scroll            |       |     9 |     3 |    14 |       ||    26
       Potion            |       |     4 |       |     2 |     3 ||     9
 Stab: Sleeping          |     2 |     4 |     8 |     7 |       ||    21
       Invisible         |       |     1 |       |       |       ||     1
       Distracted        |       |       |     1 |     1 |       ||     2
  Eat: Chunk             |     2 |     6 |     7 |    28 |     1 ||    44
       Ration            |       |     1 |     5 |     4 |       ||    10
Armor: Skin              |    29 |    75 |   134 |   172 |    15 ||   425
Dodge: Dodged            |    51 |   143 |   417 |   463 |    36 ||  1110
Block: Buckler           |       |       |       |    91 |       ||    91
       Rpst.: Long sword |       |       |       |    22 |       ||    22
       Scimitar          |       |       |       |    91 |    12 ||   103
